 Dungeon Crawl Stone Soup version 0.31-a0-261-g072fdb8a1f (webtiles) character file.

Game seed: 2103503903433381222

56 gruber the Ruffian (level 3, -4/27 HPs)
             Began as a Merfolk Shapeshifter on July 13, 2023.
             Blown up by Ijyb (7 damage)
             ... with a mindburst bolt
             ... on level 3 of the Dungeon.
             The game lasted 00:00:51 (1021 turns).

gruber the Ruffian (Merfolk Shapeshifter)           Turns: 1021, Time: 00:00:51

Health: -4/27      AC:  2    Str: 17    XL:     3   Next: 95%
Magic:  3/3        EV: 12    Int:  7    God:
Gold:   56         SH:  0    Dex: 14    Spells: 2/2 levels left

rFire   . .          .
                       - Unarmed
rCold   . . .        (no shield)
rNeg    . . .        a - +0 animal skin
rPois   .            (helmet currently unavailable)
rElec   .            (cloak currently unavailable)
rCorr   .            (gloves currently unavailable)
SInv    .            (boots currently unavailable)
Will    .....        (no amulet)
Stlth   +            (no ring)
HPRegen 0.24/turn    (no ring)
MPRegen 0.08/turn

%: no passive effects
@: beast-form
A: beast (slay +2), (nimble swimmer 2), mertail
a: Begin Untransformation


You were on level 3 of the Dungeon.
You were a hulking beast.
You visited 1 branch of the dungeon, and saw 4 of its levels.

You collected 56 gold pieces.

Inventory:

Armour
 a - a +0 animal skin (worn)
Talismans
 c - a beast talisman
Scrolls
 e - a scroll of fear {unknown}
 f - a scroll of enchant weapon {unknown}
 i - a scroll of identify {unknown}
Potions
 b - a potion of lignification
 d - a potion of magic {unknown}
 g - a potion of attraction {unknown}
 h - a potion of curing {unknown}


   Skills:
 - Level 2.1 Fighting
 - Level 2.6 Dodging
 + Level 4.5 Unarmed Combat
 - Level 4.0 Shapeshifting


You had 2 spell levels left.
You didn't know any spells.
Your spell library was empty.

Dungeon Overview and Level Annotations

Branches:
Dungeon (4/15)
 Temple: D:4-7

Altars:
Ashenzari

Annotations:
D:3 Ijyb


Innate Abilities, Weirdness & Mutations

You are a hulking beast.
Your limbs bulge with bestial killing power. (Slay +2)
((You are very nimble when in or above water. (Stealth+, EV+, Speed+++)))
Your lower body shifts to a powerful aquatic tail in water.


Message History

No target in view!
A kobold comes into view. It is wielding a +1 whip of distortion.
The kobold shouts!
You closely miss the kobold. The kobold closely misses you.
You hit the kobold.
The kobold is moderately wounded.
The kobold hits you with a +1 whip of distortion.
You closely miss the kobold.
The kobold is moderately wounded.
The kobold closely misses you.
You closely miss the kobold.
The kobold is moderately wounded.
The kobold hits you with a +1 whip of distortion.
Space warps horribly around you!
Ouch! That really hurt!
* * * LOW HITPOINT WARNING * * *
You are too injured to fight recklessly!
You closely miss the kobold.
The kobold is moderately wounded.
The kobold hits you with a +1 whip of distortion.
* * * LOW HITPOINT WARNING * * *
You blink.
You open the door.
There is an open door here.
The kobold throws a stone.
The stone hits you.
* * * LOW HITPOINT WARNING * * *
Okay, then.
Found 9 gold pieces.
An endoplasm comes into view.
The endoplasm closely misses you.
You hit the endoplasm.
The endoplasm is severely wounded.
The endoplasm hits you.
* * * LOW HITPOINT WARNING * * *
You hit the endoplasm.
You kill the endoplasm!
Ijyb the Twisted Goblin comes into view.
She is wielding a +0 dagger and carrying a wand of mindburst.
Ijyb shouts!
Ijyb zaps a wand.
Your mind is blasted!
You die...

.>##......#
#.##.....K########
...'......'......#
#..#......######K#
.....###### #.#
♣♣.♣.#
#######.####.#
...♣.#
#............#
.♣.♣.#
#.#####.######
$♣.♣.# #h# .♣.♣.#
#g..$......#
...♣(#
#.###.####.#
♣♣.♣.# #.# ... #.#
#. #.# #.# #.#


You could see Ijyb and a kobold.

Vanquished Creatures
  An iguana (D:4)
  3 dart slugs (D:1)
  3 ball pythons
  2 endoplasms
  2 goblins (D:1)
  2 hobgoblins
  4 quokkas (D:1)
  3 bats
  A kobold (D:2)
  3 rats (D:1)
24 creatures vanquished.

Notes
Turn   | Place    | Note
-------+----------+-------------------------------------------
     0 | D:1      | gruber the Merfolk Shapeshifter began the quest for the
                  | Orb.
     0 | D:1      | Reached XP level 1. HP: 16/16 MP: 1/1
   115 | D:1      | Reached XP level 2. HP: 19/22 MP: 2/2
   835 | D:2      | Reached XP level 3. HP: 27/27 MP: 3/3
   919 | D:2      | You fall into a shaft and drop 2 floors!
   992 | D:3      | Found a broken altar of Ashenzari.
  1021 | D:3      | Noticed Ijyb
  1021 | D:3      | Blown up by Ijyb

Illustrated notes

Levels and vault maps discovered:
D:1:      roderic_crop_circles_arrival_small, layout_loops_ring,
          patterned_corridor
D:2:      layout_rooms, serial_bayou_ford_a, minivault_4
D:3:      layout_basic, mainiacjoe_overflow_cross_hatched,
          nicolae_concentric_dashed_squares_mild, lightli_corner_chamber,
          uniq_ijyb
D:4:      layout_basic, makhleb_heckhound_becter,
          worldfamousw_hep_ancestral_shrine

Skill      XL: |  1  2  3 |
---------------+----------+-----
Unarmed Combat | 3 4 |  4.5
Fighting       | |  2.1
Dodging        | |  2.6
Shapeshifting  | |  4.0

Action                     || total
---------------------------++-------
  Melee: Unarmed           ||    63
         Punch             ||     2
         Tailslap          ||     1
   Stab: Sleeping          ||     3
 Armour: Animal skin       ||    15
  Dodge: Dodged            ||    30

Table legend: (Time is in decaauts)
 A = Elapsed time spent in this place.
 B = Non-inter-level travel time spent in this place.
 C = Inter-level travel time spent in this place.
 D = Time resting spent in this place.
 E = Time spent auto-exploring this place.
 F = Levels seen in this place.
 G = Mean time per level.
                   A        B        C        D        E       F      G
               +--------+--------+--------+--------+--------+-----+--------+
         Total |   1014 |    977 |     37 |      0 |    816 |   4 |  253.5 |
       Dungeon |   1014 |    977 |     37 |      0 |    816 |   4 |  253.5 |
               +--------+--------+--------+--------+--------+-----+--------+

Top non-repeatable levels by time:
     D:1: 828 daAuts
     D:2: 86 daAuts
     D:4: 55 daAuts
     D:3: 44 daAuts
